 Dungeon Crawl Stone Soup version 0.25-a0-697-g890751e744 (webtiles) character file.

Game seed: 1793007047147152386, levelgen mode: deterministic

709 Flugslaktarn the Chopper (level 7, -1/64 HPs)
             Began as a Deep Dwarf Fighter on Apr 1, 2020.
             Slain by an ogre
             ... wielding a +0 giant club
              (22 damage)
             ... on level 6 of the Dungeon.
             The game lasted 00:01:09 (1299 turns).

Flugslaktarn the Chopper (Deep Dwarf Fighter)       Turns: 1299, Time: 00:01:09

Health: -1/64      AC:  9    Str: 21    XL:     7   Next: 40%
Magic:  3/3        EV:  5    Int:  9    God:
Gold:   252        SH: 10    Dex: 12    Spells: 6/6 levels left

rFire    . . .     SeeInvis .   a - +0 war axe
rCold    . . .     Gourm    .   c - +0 kite shield
rNeg     . . .     Faith    .   n - +0 chain mail
rPois    .         Spirit   .   (no helmet)
rElec    .         Reflect  .   (no cloak)
rCorr    .         Harm     .   (no gloves)
MR       +....                  (no boots)
Stlth    ..........             (no amulet)
HPRegen  0.00/turn              (no ring)
MPRegen  0.08/turn              (no ring)

@: non-regenerating
A: damage resistance, heal wounds, sense surroundings 1, no regeneration
a: Heal Wounds


You were on level 6 of the Dungeon.
You were not hungry.

You visited 1 branch of the dungeon, and saw 6 of its levels.

You collected 252 gold pieces.

Inventory:

Hand Weapons
 a - a +0 war axe (weapon)
Armour
 b - a +0 scale mail
 c - a +0 kite shield (worn)
 n - a +0 chain mail (worn)
   (You found it on level 4 of the Dungeon)
Jewellery
 k - an uncursed amulet of magic regeneration {unknown}
   (You found it on level 2 of the Dungeon)
 t - an uncursed amulet of harm {unknown}
   (You found it on level 5 of the Dungeon)
 u - an uncursed ring of magical power {unknown}
   (You found it on level 5 of the Dungeon)
 w - an uncursed ring of positive energy {unknown}
   (You found it on level 5 of the Dungeon)
Wands
 i - a wand of paralysis (8)
   (You found it on level 2 of the Dungeon)
Scrolls
 f - a scroll of blinking {unknown}
 h - 3 scrolls of noise {unknown}
 j - a scroll of enchant weapon {unknown}
 q - a scroll of remove curse {unknown}
 x - a scroll of identify {unknown}
Potions
 d - a potion of might
 g - a potion of haste {unknown}
 l - a potion of mutation {unknown}
 m - 2 potions of flight {unknown}
 o - a potion of stabbing {unknown}
 p - a potion of curing {unknown}
 r - 2 potions of lignification {unknown}
 s - a potion of cancellation {unknown}
 v - a potion of degeneration {unknown}
Comestibles
 e - 4 rations


   Skills:
 + Level 4.2 Fighting
 * Level 6.0 Axes
 + Level 5.1 Armour
 + Level 5.1 Shields


You had 6 spell levels left.
You didn't know any spells.
Your spell library was empty.

Dungeon Overview and Level Annotations

Branches:
Dungeon (6/15)
 Temple: D:4-7

Altars:
Vehumet

Annotations:
D:4 exclusion: statue


Innate Abilities, Weirdness & Mutations

You are resistant to damage.
You can heal yourself by infusing magical energy.
You passively map a small area around you.
You do not regenerate.


Message History

You block the ogre's attack.
The ice beast hits you but does no damage.
You barely miss the ogre.
The ogre is heavily wounded.
You slash the ice beast! The ogre hits you with a +0 giant club!
The ice beast hits you but does no damage.
Your shield and chain mail prevent you from hitting the ogre.
The ogre is heavily wounded.
You hit the ice beast but do no damage. The ogre hits you with a +0 giant club!
* * * LOW HITPOINT WARNING * * *
The ice beast barely misses you.
You are too injured to fight recklessly!
You are too injured to fight recklessly!
You fail to use your ability.
You block the ice beast's attack. The ogre hits you with a +0 giant club!
* * * LOW HITPOINT WARNING * * *
You see here 12 gold pieces.
You feel much better. You block the ice beast's attack.
The ogre hits you with a +0 giant club!!
You die...

,....8.#.. %....[#..,
* .# 8.8.....# , ..#
........# ,... , ,
....8...## ...
.>......)# ... * ,
*#..## ... *#.OY# #..
* ,##.@## #.. ,* #...#
##. , ##..## #. , *
#...# ### ## , ##..##
##.## # , ###...##
##...# # ,, *
##......#####....##
*#...........##......#
,
,.......###..........#


You could see an ice beast and an ogre.

Vanquished Creatures
  A water moccasin (D:5)
  A sky beast (D:6)
  A centaur (D:4)
  A hound (D:6)
  A centaur skeleton (D:6)
  5 orc priests
  A jelly (D:6)
  2 iguanas (D:4)
  2 worker ants
  A hound skeleton (D:5)
  A gnoll (D:1)
  3 adders
  An adder zombie (D:4)
  2 adder skeletons
  A worm (D:4)
  A leopard gecko (D:4)
  7 orcs
  A giant cockroach (D:2)
  A goblin (D:1)
  11 jackals
  A kobold (D:2)
  A quokka (D:6)
  3 frilled lizards
  A jackal zombie (D:5)
51 creatures vanquished.

Notes
Turn   | Place    | Note
-------+----------+-------------------------------------------
     0 | D:1      | Flugslaktarn the Deep Dwarf Fighter began the quest for the
                  | Orb.
     0 | D:1      | Reached XP level 1. HP: 20/20 MP: 1/1
    42 | D:1      | Reached XP level 2. HP: 18/27 MP: 2/2
   235 | D:2      | Found a faded altar of an unknown god,
   328 | D:4      | Reached skill level 3 in Axes
   328 | D:4      | Reached XP level 3. HP: 28/34 MP: 2/2
   402 | D:4      | Reached XP level 4. HP: 34/42 MP: 3/3
   610 | D:4      | Found a radiant altar of Vehumet,
   611 | D:4      | Noticed a frost-covered statue
   643 | D:4      | Reached skill level 4 in Axes
   643 | D:4      | Reached XP level 5. HP: 33/49 MP: 4/4
   745 | D:4      | Noticed a centaur
   750 | D:4      | Killed a centaur
   750 | D:4      | Reached XP level 6. HP: 38/57 MP: 3/3
   780 | D:5      | Entered Level 5 of the Dungeon
   784 | D:5      | Reached skill level 5 in Axes
  1098 | D:5      | Noticed a water moccasin
  1115 | D:5      | Killed a water moccasin
  1115 | D:5      | Reached XP level 7. HP: 29/64 MP: 3/3
  1233 | D:6      | Reached skill level 5 in Armour
  1233 | D:6      | Reached skill level 5 in Shields
  1291 | D:6      | Reached skill level 6 in Axes
  1296 | D:6      | HP: 1/64 [ogre/+0 giant club (14)]
  1299 | D:6      | Slain by an ogre

Levels and vault maps discovered:
D:1:      giann_horns, layout_basic, minmay_misc_feat_cross,
          minmay_misc_feat_tower
D:2:      layout_loops_ring, minitemple, chequers_ecumenical_altar_simple_redux,
          first_ration
D:3:      layout_basic, st_stairs_11, chequers_avenue
D:4:      layout_cave_pools, vehumet_statue
D:5:      layout_rooms
D:6:      layout_cave_pods, nicolae_overflow_crystal_walls, grunt_ministairs_10

Skill      XL: |  1  2  3  4  5  6  7 |
---------------+----------------------+-----
Fighting       | 3 4 |  4.2
Axes           | 3 4 5 6 |  6.0
Armour         | 4 5 |  5.1
Shields        | 4 5 |  5.1

Action                   |  1- 3 |  4- 6 |  7- 9 || total
-------------------------+-------+-------+-------++-------
Melee: War axe           |    39 |   119 |    40 ||   198
 Abil: Heal Wounds       |     1 |     6 |     3 ||    10
  Eat: Chunk             |       |     1 |     1 ||     2
Armor: Scale mail        |    12 |       |       ||    12
       Chain mail        |     6 |    74 |    18 ||    98
Dodge: Dodged            |    11 |    36 |     6 ||    53
Block: Kite shield       |    19 |    73 |    23 ||   115

Table legend:
 A = Non-vault XP
 B = Vault XP
 C = Vault XP percentage of total XP
 D = Non-vault monster count
 E = Vault monster count
 F = Vault count percentage of total count
                 A         B        C        D         E       F
            +---------+---------+-------+---------+---------+-------
      Total |    1014 |       0 |   0.0 |      51 |       0 |   0.0
            +---------+---------+-------+---------+---------+-------
        D:1 |      16 |       0 |   0.0 |       2 |       0 |   0.0
        D:2 |       5 |       0 |   0.0 |       3 |       0 |   0.0
        D:3 |       1 |       0 |   0.0 |       1 |       0 |   0.0
        D:4 |     454 |       0 |   0.0 |      22 |       0 |   0.0
        D:5 |     276 |       0 |   0.0 |      16 |       0 |   0.0
        D:6 |     262 |       0 |   0.0 |       7 |       0 |   0.0
            +---------+---------+-------+---------+---------+-------
